 Dungeon Crawl Stone Soup version 0.31-a0-744-gbc345e7fcb (webtiles) character file.

Game seed: 12093252745883408125

105398 croobank the Unforgettable (level 16, -10/113 HPs)
             Began as a Gnoll Shapeshifter on Sept 12, 2023.
             Was the Champion of Hepliaklqana.
             Blown up by a sun moth (31 damage)
             ... with a bolt of energy
             ... on level 1 of the Spider Nest on Sept 13, 2023.
             The game lasted 02:16:30 (26016 turns).

croobank the Unforgettable (Gnoll Shapeshifter)    Turns: 26016, Time: 02:16:31

Health: -10/113    AC: 22    Str: 22    XL:     16   Next: 41%
Magic:  31/31      EV:  8    Int: 27    God:    Hepliaklqana [******]
Gold:   566        SH:  0    Dex: 10    Spells: 30/37 levels left

rFire   + +          .
                       - Unarmed
rCold   . . .        X - melded +0 kite shield
rNeg    + . .        q - +2 ring mail of the Game Afoot {Rampage rPois rC+ Int+7}
rPois   +            A - +1 helmet "Weuvoshi" {rPois rC- rN+}
rElec   +            n - +2 cloak
rCorr   .            M - +2 pair of gloves
SInv    .            m - +2 pair of boots
Will    +....        o - amulet of reflection
Stlth   ++           j - +6 ring of strength
HPRegen 0.38/turn    S - ring "Jumn" {+Blink rElec rF++ Int+6 Dex-3}
MPRegen 0.22/turn

%: reflection, rampage
@: mighty, about to teleport, flux-form, held, hasted, glowing, studying 2
skills, very quick
A: glow, contaminating, reduced essence, fangs 1, strong nose, distributed
training, talons 1
a: Begin Untransformation, Renounce Religion, Evoke Blink, Recall Ancestor,
Ancestor Identity, Transference, Idealise


You were on level 1 of the Spider Nest.
You worshipped Hepliaklqana.
Hepliaklqana was exalted by your worship.
You were something dangerously unstable.
You visited 5 branches of the dungeon, and saw 23 of its levels.
You also visited: Ossuary.

You collected 2166 gold pieces.
You spent 1600 gold pieces at shops.

Inventory:

Hand Weapons
 R - the +5 spear "Spiderslayer" {speed, Drain rElec rCorr Str+3}
   (You took it off a kobold demonologist on level 11 of the Dungeon)

   Str+3:     It affects your strength (+3).
   rElec:     It insulates you from electricity.
   rCorr:     It protects you from acid and corrosion.
   Drain:     It drains your maximum health when unequipped.
 U - a +2 dagger of speed
 V - a +6 demon blade of draining
Missiles
 B - 10 curare-tipped darts
 H - 7 atropa-tipped darts
Armour
 m - a +2 pair of boots (worn)
 n - a +2 cloak (worn)
 q - the +2 ring mail of the Game Afoot (worn) {Rampage rPois rC+ Int+7}
   (You found it on level 2 of the Dungeon)

   Int+7:     It affects your intelligence (+7).
   rC+:       It protects you from cold.
   rPois:     It protects you from poison Rampage: It bestows one free step when
   moving towards enemies.
 A - the +1 helmet "Weuvoshi" (worn) {rPois rC- rN+}
   (You found it on level 5 of the Dungeon)

   rC-:       It makes you vulnerable to cold.
   rPois:     It protects you from poison rN+: It protects you from negative
   energy.
 M - a +2 pair of gloves (worn)
 X - a +0 kite shield (melded)
Magical Staves
 Y - the staff "Behoheq" {rF+ Str+8 Dex-5 Conj}
   (You found it on level 10 of the Dungeon)

   [staff of conjuration]

   Base accuracy: +5 Base damage: 5 Base attack delay: 1.2 This weapon's minimum
   attack delay (0.6) is reached at skill level 12.
   Str+8:     It affects your strength (+8).
   Dex-5:     It affects your dexterity (-5).
   rF+:       It protects you from fire.
   Conj:      It increases the power of your Conjurations spells.
   It falls into the 'Staves' category.
   It is a one-handed weapon.
Jewellery
 e - a ring of flight
 j - a +6 ring of strength (left hand)
 k - a ring of ice
 o - an amulet of reflection (around neck)
 t - a ring of see invisible
 Q - a ring of positive energy
 S - the ring "Jumn" (right hand) {+Blink rElec rF++ Int+6 Dex-3}
   (You found it on level 2 of the Lair of Beasts)

   [ring of intelligence]

   Int+6:     It affects your intelligence (+6).
   Dex-3:     It affects your dexterity (-3).
   rF++:      It greatly protects you from fire.
   rElec:     It insulates you from electricity.
   +Blink:    It lets you blink.
Talismans
 c - a beast talisman
 d - a flux talisman (active)
 h - a maw talisman
Wands
 i - a wand of mindburst (39)
 s - a wand of flame (42)
 K - a wand of polymorph (12)
 L - a wand of iceblast (29)
 N - a wand of charming (19)
Scrolls
 f - 2 scrolls of amnesia
 l - 4 scrolls of identify
 r - a scroll of immolation
 u - 9 scrolls of teleportation
 v - a scroll of silence
 y - 3 scrolls of noise
 z - a scroll of poison
 J - a scroll of enchant weapon
 P - a scroll of fog
 W - 2 scrolls of revelation
 Z - a scroll of vulnerability
Potions
 a - 2 potions of mutation
 b - 7 potions of lignification
 g - a potion of berserk rage
 p - 6 potions of curing
 w - 6 potions of haste
 x - a potion of ambrosia
 C - 5 potions of attraction
 D - a potion of magic
 E - 2 potions of enlightenment
 F - a potion of might
 O - 2 potions of resistance
 T - a potion of brilliance


   Skills:
 + Level 11.4 Fighting
 + Level 11.1 Short Blades
 + Level 11.1 Long Blades
 + Level 11.1 Axes
 + Level 11.1 Maces & Flails
 + Level 11.1 Polearms
 + Level 11.1 Staves
 + Level 11.1 Ranged Weapons
 + Level 11.1 Throwing
 + Level 11.1 Armour
 + Level 11.9 Dodging
 + Level 11.1 Stealth
 + Level 11.1 Shields
 + Level 12.7 Unarmed Combat
 + Level 11.1 Spellcasting
 + Level 9.3 Conjurations
 + Level 9.3 Hexes
 + Level 9.3 Summonings
 + Level 9.3 Necromancy
 + Level 9.3 Translocations
 + Level 9.3 Transmutations
 + Level 9.3 Fire Magic
 + Level 9.3 Ice Magic
 + Level 9.3 Air Magic
 + Level 9.3 Earth Magic
 + Level 9.3 Poison Magic
 + Level 12.8 Invocations
 + Level 11.8 Evocations
 + Level 12.0 Shapeshifting


You had 30 spell levels left.
You knew the following spells:

 Your Spells              Type           Power      Damage    Failure   Level
a - Iskenderun's Mystic   Conj/Tloc      60%        2d13      1%          4
d - Summon Guardian Gole  Hex/Summ       60%        N/A       1%          3

Your spell library contained the following spells:

 Spells                   Type           Power      Damage    Failure   Level
 Freeze                   Ice            100%       1d10      1%          1
 Magic Dart               Conj           100%       1d8       1%          1
 Necrotise                Necr           100%       1d9       1%          1
 Cigotuvi's Dreadful Rot  Necr/Pois/Air  100%       N/A       1%          2
 Searing Ray              Conj           100%       2d8       1%          2
 Frozen Ramparts          Ice            100%       1d16      1%          3
 Hailstorm                Conj/Ice       60%        3d13      1%          3
 Vampiric Draining        Necr           60%        2d10      1%          3
 Volatile Blastmotes      Fire/Tloc      100%       2d18      1%          3
 Dispel Undead            Necr           60%        3d21      1%          4
 Fulminant Prism          Conj/Hex       30%        3d16      1%          4
 Agony                    Necr           60%        N/A       3%          5
 Death Channel            Necr           30%        N/A       19%         6
 Orb of Destruction       Conj           30%        9d10      71%         7
 Spellforged Servitor     Conj/Summ      30%        N/A       71%         7


Dungeon Overview and Level Annotations

Branches:
Dungeon (13/15)            Temple (1/1) D:4            Lair (5/5) D:8
 Shoals (0/4) Lair:3       Spider (2/4) Lair:2        Slime (0/5) Lair:5
    Orc (2/2) D:10         Vaults (0/5) D:13        Ossuary (visited)
    Elf: Orc:2

Altars:
Ashenzari
Cheibriados
Dithmenos
Elyvilon
Fedhas
Gozag
Hepliaklqana
Kikubaaqudgha
Makhleb
Nemelex Xobeh
Okawaru
Qazlal
Ru
Sif Muna
Trog
Uskayaw
Vehumet
Wu Jian
Xom
Yredelemnul
Zin
The Shining One
Jiyva

Shops:
Orc:2 [


Innate Abilities, Weirdness & Mutations

You are something dangerously unstable.
You glow with magical radiation, making you easy to see and hit.
Foes you strike become dangerously contaminated with magical radiation.
You are incapable of wielding weapons or throwing items.
Your life essence is reduced to manifest your ancestor. (-10% HP)
You have very sharp teeth.
Your uncanny sense of smell can sniff out nearby items.
Your experience applies equally to all skills.
You have sharp toenails.


Message History

As you read the scroll of fear, it crumbles to dust.
You assume a fearsome visage.
The sun moth resists with almost no effort.
The tarantella looks frightened!
The pharaoh ant is unaffected.
The redback looks frightened!
A jumping spider comes into view.
The pharaoh ant bites you but does no damage.
You punch the pharaoh ant!
You destroy the pharaoh ant!
The pharaoh ant binds the souls of nearby monsters.
You block the sun moth's attack.
You hit the sun moth.
The sun moth begins to glow.
The sun moth is lightly wounded.
The jumping spider leaps!
The sun moth barely misses you.
An orb spider comes into view.
You completely miss the jumping spider.
You block the jumping spider's attack. x2
Cornered, the tarantella turns to fight!
You block the sun moth's attack.
Okay, then.
Okay, then.
As you read the scroll of teleportation, it crumbles to dust.
You feel strangely unstable.
The jumping spider pounces on you but does no damage.
The jumping spider barely misses you.
You feel better. The sun moth throws energy at you.
The bolt of energy hits you.
* * * LOW HITPOINT WARNING * * *
The jumping spider leaps!
You barely miss the sun moth. Your bite misses the sun moth.
The sun moth is lightly wounded.
The sun moth barely misses you. The jumping spider pounces on you!
* * * LOW HITPOINT WARNING * * *
You are caught in a web!
The jumping spider bites you but does no damage.
You feel better.
The jumping spider leaps!
You feel better.
The sun moth stops glowing.
The jumping spider leaps!
The sun moth throws energy at you. The bolt of energy hits you!!
You die...

....###.....##..#. .
#......§.#^.#. ######
##..#§##.####.
#....###..s### #....
#....#.##....# ##.^#
######ss.#s.#.#####...#
#....°ss..y.<.#.#.##..#
##...y○#..#....#R..#..#
#.#.#B##.#.#..##[.††##
# #####....#...##...#
#.....###.#.#..###
###......#####.†#
###...#.#...#.....#
#.##..###..##...#.#
#.......#..#...####
##.^.#..#..#.#.#
#..####.#..#####


You could see a sun moth, an orb spider (soul bound) and 3 jumping spiders.

Vanquished Creatures
  Josephine (D:13)
  An entropy weaver (Spider:1)
  3 hydras
  2 centaur warriors (D:13)
  A two-headed ogre (D:11)
  A death knight (D:10)
  2 demonic crawlers (Spider:1)
  8 death yaks
  5 orc high priests
  A skyshark (Lair:3)
  Lodul (D:13)
  A pharaoh ant (Spider:1)
  A swamp dragon (Lair:4)
  2 orb spiders
  A necromancer (D:13)
  3 orc knights
  A deep elf pyromancer (D:12)
  2 cyclopes (D:13)
  A manticore (D:13)
  14 elephants
  5 black mambas
  2 gargoyles
  Jeremiah (Lair:1)
  4 cane toads
  A torpor snail (Lair:2)
  A rime drake (Lair:5)
  An unseen horror (D:10)
  5 komodo dragons
  2 kobold demonologists (D:11)
  3 trolls
  3 polar bears
  3 blink frogs
  5 tarantellas (Spider:1)
  A tarantella (shapeshifter) (D:11)
  Prince Ribbit (D:6)
  5 dream sheep
  A culicivora (Spider:1)
  2 vampires (D:9)
  2 jumping spiders (Spider:1)
  A spriggan (Lair:5)
  A shadow (D:10)
  4 wraiths
  15 humans
  22 yaks
  Eustachio (D:6)
  A basilisk (Lair:2)
  3 wyverns
  2 redbacks (Spider:2)
  A steam dragon (D:7)
  10 vampire mosquitoes
  2 wargs
  An acid dragon (D:11)
  4 water moccasins
  4 ice beasts
  19 orc warriors
  2 sky beasts
  4 black bears
  A boggart (Lair:5)
  9 ogres
  5 wolves
  6 centaurs
  A phantom (D:5)
  5 kobold brigands
  An elf zombie (Ossuary)
  8 bullfrogs
  4 scorpions
  2 killer bees (D:9)
  3 howler monkeys
  4 centaur zombies (Ossuary)
  A gnoll bouda (D:7)
  12 orc priests
  6 hounds
  A sleepcap (D:7)
  Jessica (D:2)
  Ijyb (D:4)
  Natasha (thrice) (D:3)
  2 iguanas
  15 orc wizards
  A hound zombie (Ossuary)
  3 mummies (Ossuary)
  6 gnolls
  3 adders
  A white imp (D:5)
  An ufetubus (D:7)
  2 adder zombies (Ossuary)
  2 dart slugs
  52 orcs
  8 ball pythons
  6 endoplasms
  4 giant cockroaches
  3 gnoll zombies (Ossuary)
  7 goblins
  8 hobgoblins
  2 jackals (D:2)
  3 quokkas
  5 bats (D:1)
  3 frilled lizards
  3 goblin zombies (Ossuary)
  3 hobgoblin zombies (Ossuary)
  6 jackal zombies (Ossuary)
  8 kobolds
  4 kobold zombies (Ossuary)
  3 orc zombies (Ossuary)
  3 quokka zombies (Ossuary)
  7 rats
  2 rat zombies (Ossuary)
447 creatures vanquished.

Vanquished Creatures (collateral kills)
  Kirke (D:12)
  A ghost moth (Spider:2)
  A hydra (Lair:2)
  A catoblepas (Lair:2)
  A boulder beetle (Spider:1)
  A two-headed ogre (D:10)
  A skyshark (Lair:4)
  A swamp dragon (Lair:4)
  A lindwurm (Lair:2)
  A wizard (D:13)
  A steelbarb worm (Spider:1)
  A necromancer (D:13)
  2 manticores
  A wolf spider (Spider:1)
  2 cyclopes
  8 elephants
  A merfolk siren (Lair:3)
  A gargoyle (D:12)
  6 cane toads
  2 black mambas
  2 rime drakes (Lair:3)
  6 komodo dragons
  4 polar bears
  8 blink frogs
  3 hornets (Lair:5)
  A meliai (D:10)
  3 trolls
  5 tarantellas
  A dream sheep (Lair:5)
  A culicivora (Spider:1)
  A slime creature (D:10)
  5 jumping spiders (Spider:1)
  10 spriggans (Lair:5)
  A shadow (D:9)
  3 wyverns
  3 vampires
  10 yaks
  A steam dragon (Lair:2)
  A hog (D:12)
  7 humans
  4 basilisks
  9 redbacks (Spider:1)
  2 vampire mosquitoes
  A warg (Orc:2)
  6 water moccasins
  An acid dragon (D:9)
  12 orc warriors
  A sky beast (D:7)
  A black bear (Lair:5)
  2 boggarts (Lair:5)
  2 ogres
  3 centaurs
  14 wolves
  A kobold brigand (D:8)
  2 bullfrogs
  3 killer bees (D:9)
  14 orc priests
  2 iguanas
  4 orc wizards
  2 hell rats (Lair:1)
  A gnoll (D:5)
  37 orcs
  2 goblins (D:11)
  A kobold (D:8)
  3 rats (Lair:1)
241 creatures vanquished.

Vanquished Creatures (others)
  Agnes (Spider:2)
  3 vault guards (D:13)
  2 two-headed ogres (D:10)
  11 death yaks
  A radroach (Spider:1)
  Sonja (Lair:3)
  A deep elf knight (Spider:2)
  A deep elf pyromancer (D:10)
  A steelbarb worm (Spider:2)
  A cyclops (D:12)
  A manticore (D:10)
  A black mamba (Lair:1)
  5 cane toads
  An unseen horror (D:12)
  A yaktaur (D:13)
  A hornet (D:9)
  A polar bear (Lair:1)
  A raiju (Spider:2)
  3 dream sheep
  A spriggan (Lair:5)
  8 yaks
  2 humans (D:13)
  A water moccasin (Lair:1)
  An orc warrior (D:10)
  A black bear (Lair:5)
  4 wolves (Lair:5)
  A centaur (D:10)
  A boggart (Lair:5)
  A bullfrog (D:8)
  30 battlemagi
  An orc wizard (D:8)
  2 river rats (Lair:1)
  An orc (Orc:2)
  A kobold (D:8)
94 creatures vanquished.

Grand Total: 782 creatures vanquished

Notes
Turn   | Place    | Note
-------+----------+-------------------------------------------
     0 | D:1      | croobank the Gnoll Shapeshifter began the quest for the
                  | Orb.
     0 | D:1      | Reached XP level 1. HP: 17/17 MP: 1/1
    85 | D:1      | Reached XP level 2. HP: 23/23 MP: 2/2
   389 | D:1      | Reached XP level 3. HP: 28/28 MP: 3/3
   458 | D:1      | Found a faded altar of an unknown god.
   532 | D:2      | Found a snail-covered altar of Cheibriados.
   641 | D:2      | Noticed Jessica
   644 | D:2      | Reached skill level 1 in Invocations
   651 | D:2      | Killed Jessica
   652 | D:2      | Reached skill level 1 in Short Blades
   652 | D:2      | Reached skill level 1 in Long Blades
   652 | D:2      | Reached skill level 1 in Axes
   652 | D:2      | Reached skill level 1 in Maces & Flails
   652 | D:2      | Reached skill level 1 in Polearms
   652 | D:2      | Reached skill level 1 in Staves
   652 | D:2      | Reached skill level 1 in Ranged Weapons
   652 | D:2      | Reached skill level 1 in Throwing
   652 | D:2      | Reached skill level 1 in Armour
   652 | D:2      | Reached skill level 1 in Stealth
   652 | D:2      | Reached skill level 1 in Shields
   652 | D:2      | Reached skill level 1 in Spellcasting
   652 | D:2      | Reached skill level 1 in Evocations
   652 | D:2      | Reached XP level 4. HP: 25/34 MP: 5/5
   749 | D:2      | Identified the +2 ring mail of the Game Afoot {Rampage
                  | rPois rC+ Int+7}
   868 | D:2      | Reached skill level 1 in Conjurations
   868 | D:2      | Reached skill level 1 in Hexes
   868 | D:2      | Reached skill level 1 in Summonings
   868 | D:2      | Reached skill level 1 in Necromancy
   868 | D:2      | Reached skill level 1 in Translocations
   868 | D:2      | Reached skill level 1 in Transmutations
   868 | D:2      | Reached skill level 1 in Fire Magic
   868 | D:2      | Reached skill level 1 in Ice Magic
   868 | D:2      | Reached skill level 1 in Air Magic
   868 | D:2      | Reached skill level 1 in Earth Magic
   868 | D:2      | Reached skill level 1 in Poison Magic
  1129 | D:3      | Noticed Natasha
  1134 | D:3      | Killed Natasha
  1135 | D:3      | Reached XP level 5. HP: 37/40 MP: 5/7
  1270 | D:3      | Noticed Natasha
  1276 | D:3      | Killed Natasha
  1414 | D:3      | Noticed Natasha
  1420 | D:3      | Killed Natasha
  1421 | D:3      | Reached XP level 6. HP: 44/47 MP: 8/8
  1524 | D:3      | Found a broken altar of Ashenzari.
  1617 | D:4      | Noticed Ijyb
  1631 | D:4      | Gained mutation: You are agile. (Dex +4, Str/Int -1)
                  | [potion of mutation]
  1631 | D:4      | Gained mutation: You have sharp toenails. [potion of
                  | mutation]
  1636 | D:4      | Killed Ijyb
  1745 | D:4      | Reached skill level 5 in Dodging
  1778 | D:4      | Found a staircase to the Ecumenical Temple.
  1791 | Temple   | Entered the Ecumenical Temple
  1796 | Temple   | Became a worshipper of Hepliaklqana the Forgotten
  1867 | D:4      | Noticed a black bear
  1872 | D:4      | Found a sand-covered staircase.
  1876 | Ossuary  | Entered an ossuary
  1979 | Ossuary  | Reached XP level 7. HP: 48/52 MP: 10/10
  2353 | D:4      | Found a basalt altar of Yredelemnul.
  2353 | D:4      | Found a burning altar of Makhleb.
  2377 | D:4      | Reached XP level 8. HP: 60/60 MP: 12/12
  2702 | D:4      | Found a glowing silver altar of Zin.
  2703 | D:4      | Found an opulent altar of Gozag.
  2792 | D:5      | Entered Level 5 of the Dungeon
  2957 | D:5      | Reached * piety under Hepliaklqana
  2960 | D:5      | Found a blossoming altar of Fedhas.
  2991 | D:5      | Found a stormy altar of Qazlal.
  3567 | D:5      | Identified the +1 helmet "Weuvoshi" {rPois rC- rN+}
  3881 | D:6      | Noticed Eustachio
  3891 | D:6      | Killed Eustachio
  3892 | D:6      | Reached XP level 9. HP: 54/59 MP: 14/14
  3963 | D:6      | Found a bloodstained altar of Trog.
  4014 | D:6      | Noticed Prince Ribbit
  4026 | D:6      | Killed Prince Ribbit
  4035 | D:6      | Reached skill level 5 in Fighting
  4393 | D:7      | Reached skill level 5 in Invocations
  4862 | D:7      | Found a sparkling altar of Nemelex Xobeh.
  4891 | D:7      | Reached XP level 10. HP: 47/67 MP: 17/17
  4912 | D:7      | Reached skill level 5 in Short Blades
  4912 | D:7      | Reached skill level 5 in Long Blades
  4912 | D:7      | Reached skill level 5 in Axes
  4912 | D:7      | Reached skill level 5 in Maces & Flails
  4912 | D:7      | Reached skill level 5 in Polearms
  4912 | D:7      | Reached skill level 5 in Staves
  4912 | D:7      | Reached skill level 5 in Ranged Weapons
  4912 | D:7      | Reached skill level 5 in Throwing
  4912 | D:7      | Reached skill level 5 in Armour
  4912 | D:7      | Reached skill level 5 in Stealth
  4912 | D:7      | Reached skill level 5 in Shields
  4912 | D:7      | Reached skill level 5 in Spellcasting
  4912 | D:7      | Reached skill level 5 in Evocations
  4995 | D:7      | Reached ** piety under Hepliaklqana
  4996 | D:7      | Remembered your ancestor Laslo as a battlemage
  5352 | D:8      | Noticed a death yak
  5352 | D:8      | Noticed a death yak
  5355 | D:8      | Noticed a death yak
  5370 | D:8      | Noticed a death yak
  5371 | D:8      | Learned a level 3 spell: Summon Guardian Golem
  5386 | D:8      | Killed a death yak
  5388 | D:8      | Killed a death yak
  5392 | D:8      | Killed a death yak
  5418 | D:8      | Noticed a death yak
  5438 | D:8      | Killed a death yak
  5441 | D:8      | Noticed a death yak
  5442 | D:8      | Noticed a death yak
  5796 | D:8      | Found a staircase to the Lair.
  5846 | D:8      | Killed a death yak
  5847 | D:8      | Reached XP level 11. HP: 74/74 MP: 15/19
  5848 | D:8      | Killed a death yak
  5849 | D:8      | Reached skill level 5 in Conjurations
  5849 | D:8      | Reached skill level 5 in Hexes
  5849 | D:8      | Reached skill level 5 in Summonings
  5849 | D:8      | Reached skill level 5 in Necromancy
  5849 | D:8      | Reached skill level 5 in Translocations
  5849 | D:8      | Reached skill level 5 in Transmutations
  5849 | D:8      | Reached skill level 5 in Fire Magic
  5849 | D:8      | Reached skill level 5 in Ice Magic
  5849 | D:8      | Reached skill level 5 in Air Magic
  5849 | D:8      | Reached skill level 5 in Earth Magic
  5849 | D:8      | Reached skill level 5 in Poison Magic
  5857 | D:8      | Killed a death yak
  6457 | D:9      | Upgraded the game from 0.31-a0-728-g01b46875f1 to
                  | 0.31-a0-740-g87205ac768
  6878 | D:9      | Reached *** piety under Hepliaklqana
  7863 | D:10     | Entered Level 10 of the Dungeon
  7869 | D:10     | Noticed a manticore
  8078 | D:10     | Found a staircase to the Orcish Mines.
  8323 | D:10     | Noticed a deep elf pyromancer
  8323 | D:10     | Noticed a cyclops
  8332 | D:10     | HP: 2/75 [cyclops/large rock (35)]
  8333 | D:10     | Killed a cyclops
  8730 | D:10     | Noticed a manticore
  8730 | D:10     | Noticed a death knight
  8754 | D:10     | Killed a death knight
  8755 | D:10     | Reached XP level 12. HP: 7/81 MP: 18/22
  8771 | D:10     | Noticed a two-headed ogre
  9029 | D:10     | Killed a two-headed ogre
  9190 | D:10     | Found a glowing golden altar of the Shining One.
  9211 | D:10     | Found a radiant altar of Vehumet.
  9483 | D:10     | Noticed a two-headed ogre
  9492 | D:10     | Killed a two-headed ogre
  9586 | D:10     | Identified the staff "Behoheq" {rF+ Str+8 Dex-5 Conj}
  9686 | D:10     | Noticed a two-headed ogre
  9692 | D:10     | Killed a two-headed ogre
  9693 | D:10     | Reached skill level 10 in Unarmed Combat
 10785 | D:11     | Found an iron altar of Okawaru.
 10944 | D:11     | Reached **** piety under Hepliaklqana
 11364 | Lair:1   | Entered Level 1 of the Lair of Beasts
 11527 | Lair:1   | Noticed Jeremiah
 11536 | Lair:1   | Killed Jeremiah
 11561 | Lair:1   | Reached XP level 13. HP: 74/89 MP: 21/25
 11911 | Lair:1   | Reached skill level 10 in Shapeshifting
 12416 | Lair:2   | Identified the ring "Jumn" {+Blink rElec rF++ Int+6 Dex-3}
 12701 | Lair:2   | Identified the +5 quarterstaff "Ytempoj" {heavy, rElec rF+}
 12705 | Lair:2   | Reached ***** piety under Hepliaklqana
 12779 | Lair:2   | Found a hole to the Spider Nest.
 14375 | Lair:3   | Noticed Sonja
 14397 | Lair:3   | Killed Sonja
 14806 | Lair:3   | Learned a level 4 spell: Iskenderun's Mystic Blast
 14880 | Lair:3   | Reached skill level 10 in Dodging
 14941 | Lair:3   | Found a staircase to the Shoals.
 15103 | Lair:3   | Identified the +0 leather armour "Gagat" {rF++ Will+ Dex-2
                  | SInv}
 15370 | Lair:3   | Reached XP level 14. HP: 36/97 MP: 25/27
 16078 | Lair:4   | Identified the +0 chain mail "Sadaloixe" {Rampage rN+
                  | Regen+ Str-2}
 16169 | Lair:4   | Reached skill level 10 in Invocations
 16937 | Lair:4   | Reached skill level 10 in Fighting
 17700 | Lair:5   | Entered Level 5 of the Lair of Beasts
 17893 | Lair:5   | Reached XP level 15. HP: 103/103 MP: 21/28
 17934 | Lair:5   | Reached skill level 10 in Short Blades
 17934 | Lair:5   | Reached skill level 10 in Long Blades
 17934 | Lair:5   | Reached skill level 10 in Axes
 17934 | Lair:5   | Reached skill level 10 in Maces & Flails
 17934 | Lair:5   | Reached skill level 10 in Polearms
 17934 | Lair:5   | Reached skill level 10 in Staves
 17934 | Lair:5   | Reached skill level 10 in Ranged Weapons
 17934 | Lair:5   | Reached skill level 10 in Throwing
 17934 | Lair:5   | Reached skill level 10 in Armour
 17934 | Lair:5   | Reached skill level 10 in Stealth
 17934 | Lair:5   | Reached skill level 10 in Shields
 17934 | Lair:5   | Reached skill level 10 in Spellcasting
 17934 | Lair:5   | Reached skill level 10 in Evocations
 18016 | Lair:5   | Found a staircase to the Slime Pits.
 18016 | Lair:5   | Found a viscous altar of Jiyva.
 18040 | Lair:5   | Reached ****** piety under Hepliaklqana
 19536 | Orc:1    | Entered Level 1 of the Orcish Mines
 19560 | Orc:1    | HP: 4/105 [barbs]
 20175 | Orc:1    | Found Beafayll's Vocational Training.
 20240 | Orc:1    | Bought a manual of Evocations for 800 gold pieces
 20240 | Orc:1    | Bought a manual of Invocations for 800 gold pieces
 20306 | Orc:2    | Entered Level 2 of the Orcish Mines
 20450 | Orc:2    | Found Pifesk's Antique Armour Shoppe.
 21442 | Orc:1    | Upgraded the game from 0.31-a0-740-g87205ac768 to
                  | 0.31-a0-743-g45f7035092
 21862 | D:12     | Identified the +5 spear "Spiderslayer" {speed, Drain rElec
                  | rCorr Str+3}
 22821 | D:13     | Noticed Josephine
 22822 | D:13     | Noticed Kirke
 22867 | D:12     | Killed Kirke
 22919 | D:13     | Killed Josephine
 23156 | D:13     | Noticed Lodul
 23178 | D:13     | Killed Lodul
 23869 | D:13     | Reached XP level 16. HP: 68/112 MP: 30/30
 24115 | D:13     | Found a gate to the Vaults.
 24489 | Spider:1 | Entered Level 1 of the Spider Nest
 24533 | Lair:2   | Lost mutation: You are agile. (Dex +4, Str/Int -1)
                  | [mutagenic glow]
 24777 | Spider:1 | You fall into a shaft and drop 1 floor!
 24777 | Spider:2 | Noticed Agnes
 24782 | Spider:2 | Killed Agnes
 25910 | Spider:1 | Upgraded the game from 0.31-a0-743-g45f7035092 to
                  | 0.31-a0-744-gbc345e7fcb
 26016 | Spider:1 | Blown up by a sun moth

Illustrated notes

Levels and vault maps discovered:
D:1:      wander_arrival_fairy_ring, layout_rooms,
          shapermc_ecumenical_altar_acropolis
D:2:      layout_rooms, basic_altar, uniq_jessica
D:3:      layout_rooms, mainiacjoe_overflow_catwalk, uniq_natasha
D:4:      layout_basic, nicolae_overflow_hidden_temple, temple_green,
          enter_ossuary_5, uniq_ijyb
D:5:      layout_gridville, grunt_temple_overflow_forces_of_nature
D:6:      layout_rooms, kennysheep_little_box, uniq_prince_ribbit1,
          uniq_eustachio
D:7:      layout_cave_pods, nemelex_diamond_rough_becter
D:8:      layout_basic, dpeg_lair_monsters, blue_anna_alchemist
D:9:      layout_roguey, hangedman_minor_gate_pass
D:10:     hangedman_cross_cluster, layout_cave_pods,
          mainiacjoe_overflow_boulevard, mainiacjoe_overflow_cross_hatched,
          hiddenorc2_lemuel
D:11:     layout_loops_ring, kennysheep_okawaru_gauntlet
D:12:     layout_cave_pools
D:13:     layout_loops_ring, grunt_vaults_entry_tiered, uniq_kirke,
          uniq_josephine, uniq_lodul
Temple:   minmay_freezing_vapour_temple
Lair:1:   layout_long_grid, kennysheep_abandoned_house, grunt_megastairs_4,
          uniq_jeremiah
Lair:2:   layout_regular_city, nicolae_spider_entry_orb_guardian,
          minmay_hedge_maze
Lair:3:   layout_chaotic_city, minmay_shoals_entry_lonely_mermaid,
          minmay_shattered_shrine, grunt_megastairs_5, uniq_sonja
Lair:4:   slaughterhouse, layout_regular_city, chequers_serial_rivers_room_b,
          grunt_forest_small_clearings, pond
Lair:5:   minmay_lair_end_enchanted_forest, layout_regular_city, slime_entry_1
Spider:1: layout_spider_delve, gammafunk_ghost_necromancy, drop_trap
Spider:2: layout_chambers, beargit_elvish_explorers, uniq_mlioglotl, uniq_agnes
Orc:1:    layout_caves, nicolae_shop_vocational
Orc:2:    st_orc_pillars, layout_caves, serial_shops, shop,
          nicolae_shop_tiny_waterfront,
          nicolae_shop_temple_entry_statues_fountains,
          nicolae_shop_hallway_stairs, shop, uniq_donald

Skill      XL: |  1  2  3  4  5  6  7  8  9 10 11 12 13 14 15 16 |
---------------+-------------------------------------------------+-----
Invocations    | 1 2 3 4 5 6 7 8 9 10 12 | 12.8
Short Blades   | 1 2 3 4 5 7 8 9 10 11 | 11.1
Long Blades    | 1 2 3 4 5 7 8 9 10 11 | 11.1
Axes           | 1 2 3 4 5 7 8 9 10 11 | 11.1
Maces & Flails | 1 2 3 4 5 7 8 9 10 11 | 11.1
Polearms       | 1 2 3 4 5 7 8 9 10 11 | 11.1
Staves         | 1 2 3 4 5 7 8 9 10 11 | 11.1
Ranged Weapons | 1 2 3 4 5 7 8 9 10 11 | 11.1
Throwing       | 1 2 3 4 5 7 8 9 10 11 | 11.1
Armour         | 1 2 3 4 5 7 8 9 10 11 | 11.1
Stealth        | 1 2 3 4 5 7 8 9 10 11 | 11.1
Shields        | 1 2 3 4 5 7 8 9 10 11 | 11.1
Spellcasting   | 1 2 3 4 5 7 8 9 10 11 | 11.1
Evocations     | 1 2 3 4 5 7 8 9 11 | 11.8
Conjurations   | 1 2 3 4 5 6 7 8 9 |  9.3
Hexes          | 1 2 3 4 5 6 7 8 9 |  9.3
Summonings     | 1 2 3 4 5 6 7 8 9 |  9.3
Necromancy     | 1 2 3 4 5 6 7 8 9 |  9.3
Translocations | 1 2 3 4 5 6 7 8 9 |  9.3
Transmutations | 1 2 3 4 5 6 7 8 9 |  9.3
Fire Magic     | 1 2 3 4 5 6 7 8 9 |  9.3
Ice Magic      | 1 2 3 4 5 6 7 8 9 |  9.3
Air Magic      | 1 2 3 4 5 6 7 8 9 |  9.3
Earth Magic    | 1 2 3 4 5 6 7 8 9 |  9.3
Poison Magic   | 1 2 3 4 5 6 7 8 9 |  9.3
Fighting       | 3 4 5 6 7 8 9 10 11 | 11.4
Dodging        | 5 6 7 8 9 10 11 | 11.9
Unarmed Combat | 7 8 9 10 11 12 | 12.7
Shapeshifting  | 7 8 9 10 11 12 | 12.0

Action                     |  1- 3 |  4- 6 |  7- 9 | 10-12 | 13-15 | 16-18 || total
---------------------------+-------+-------+-------+-------+-------+-------++-------
  Melee: Unarmed           |    59 |   146 |   194 |   229 |   969 |    95 ||  1692
         Bite              |     4 |    18 |    25 |    25 |   178 |    18 ||   268
         Punch             |     1 |     6 |     8 |     7 |       |       ||    22
         Kick              |       |    16 |    65 |    69 |    57 |       ||   207
   Cast: Summon Guardian G |       |       |       |    35 |    57 |    19 ||   111
         Iskenderun's Myst |       |       |       |       |     4 |       ||     4
 Invoke: Ancestor Life: Ba |       |       |       |     1 |       |       ||     1
         Idealise          |       |       |       |       |     3 |       ||     3
         Recall Ancestor   |       |       |       |       |     1 |     1 ||     2
  Evoke: Wand              |       |       |     4 |     7 |     7 |     1 ||    19
    Use: Scroll            |       |     5 |     6 |    11 |    17 |     5 ||    44
         Potion            |       |     2 |       |     4 |     1 |     5 ||    12
   Stab: Sleeping          |     1 |       |     1 |    12 |     6 |       ||    20
         Distracted        |       |       |     3 |     3 |     8 |     3 ||    17
         Betrayed ally     |       |       |       |       |     1 |       ||     1
 Armour: Animal skin       |    21 |     1 |       |       |       |       ||    22
         Ring mail         |       |    70 |   112 |   153 |   662 |   158 ||  1155
  Dodge: Dodged            |    35 |    67 |    97 |   141 |   686 |    84 ||  1110
  Block: Kite shield       |       |       |       |    35 |    94 |       ||   129
         Other             |       |       |       |       |   230 |    38 ||   268
         Reflection        |       |       |       |       |    20 |     2 ||    22
   Form: Flux              |       |       |       |       |     1 |       ||     1

Table legend: (Time is in decaauts)
 A = Elapsed time spent in this place.
 B = Non-inter-level travel time spent in this place.
 C = Inter-level travel time spent in this place.
 D = Time resting spent in this place.
 E = Time spent auto-exploring this place.
 F = Levels seen in this place.
 G = Mean time per level.
                   A        B        C        D        E       F      G
               +--------+--------+--------+--------+--------+-----+--------+
         Total |  25794 |  24746 |   1048 |   7651 |  11563 |  24 | 1074.8 |
       Dungeon |  13978 |  13285 |    693 |   3778 |   6740 |  13 | 1075.2 |
        Temple |     10 |      5 |      5 |      0 |      0 |   1 |   10.0 |
          Lair |   8332 |   8019 |    313 |   2228 |   3850 |   5 | 1666.4 |
   Spider Nest |   1259 |   1259 |      0 |    406 |    536 |   2 |  629.5 |
  Orcish Mines |   1879 |   1843 |     36 |   1187 |    295 |   2 |  939.5 |
       Ossuary |    333 |    333 |      0 |     52 |    142 |   1 |  333.0 |
               +--------+--------+--------+--------+--------+-----+--------+

Top non-repeatable levels by time:
    D:10: 2557 daAuts
  Lair:2: 2395 daAuts
     D:9: 1732 daAuts
  Lair:5: 1670 daAuts
   Orc:1: 1651 daAuts
  Lair:4: 1600 daAuts
    D:13: 1465 daAuts
  Lair:3: 1444 daAuts
    D:11: 1431 daAuts
     D:7: 1280 daAuts
  Lair:1: 1222 daAuts
     D:5: 974 daAuts
Spider:1: 957 daAuts
     D:4: 869 daAuts
     D:8: 839 daAuts
